 Dungeon Crawl Stone Soup version 0.27.1-33-g824d729ab1 (webtiles) character file.

Game seed: 15971790859888749569

1110 Descartes the Stinger (level 8, -9/37 HPs)
             Began as a Spriggan Wanderer on Dec 3, 2021.
             Mangled by an orc priest (10 damage)
             ... on level 5 of the Dungeon.
             The game lasted 00:30:34 (12194 turns).

Descartes the Stinger (Spriggan Wanderer)          Turns: 12194, Time: 00:30:34

Health: -9/37      AC:  2    Str:  7    XL:     8   Next: 11%
Magic:  1/13       EV: 23    Int: 16    God:
Gold:   224        SH:  0    Dex: 15    Spells: 1/12 levels left

rFire    . . .     SeeInvis +   z - +2 whip (venom)
rCold    . . .     Faith    .   (shield restricted)
rNeg     . . .     Spirit   .   b - +0 robe
rPois    .         Reflect  .   (helmet restricted)
rElec    .         Harm     .   (no cloak)
rCorr    .         Rampage  .   (gloves unavailable)
Will     +....                  (boots unavailable)
Stlth    ++........             (no amulet)
HPRegen  0.12/turn              f - +4 ring of evasion
MPRegen  0.13/turn              (no ring)

@: invisible, very quick
A: very small, no large weapons, unfitting armour, see invisible, speed 3
a: no special abilities


You were on level 5 of the Dungeon.
You visited 1 branch of the dungeon, and saw 6 of its levels.
You also visited: Ossuary.

You collected 224 gold pieces.

Inventory:

Hand Weapons
 a - a +0 dagger
 z - a +2 whip of venom (weapon)
Missiles
 i - 78 stones (quivered)
 j - 69 sling bullets
 k - 30 arrows
 l - 7 boomerangs
 p - 2 poisoned darts
 r - 7 curare-tipped darts
Armour
 b - a +0 robe (worn)
Jewellery
 f - a +4 ring of evasion (left hand)
Wands
 q - a wand of flame (13)
Scrolls
 c - a scroll of teleportation
 d - 8 scrolls of identify {unknown}
 e - a scroll of blinking {unknown}
 n - 2 scrolls of immolation {unknown}
 s - a scroll of acquirement {unknown}
 v - a scroll of noise {unknown}
 w - a scroll of torment {unknown}
 y - a scroll of vulnerability {unknown}
Potions
 g - a potion of heal wounds {unknown}
 h - a potion of invisibility
 m - a potion of brilliance {unknown}
 o - a potion of degeneration {unknown}
 t - a potion of berserk rage {unknown}
 u - a potion of ambrosia {unknown}
 x - a potion of magic {unknown}
 A - a potion of attraction {unknown}


   Skills:
 - Level 1.0 Fighting
 - Level 1.0 Throwing
 - Level 5.2 Dodging
 - Level 2.3 Stealth
 + Level 2.9 Spellcasting
 + Level 4.0 Transmutations
 + Level 4.6 Fire Magic
 + Level 6.1 Poison Magic
 - Level 1.3 Evocations


You had one spell level left.
You knew the following spells:

 Your Spells              Type           Power      Damage    Failure   Level
a - Sting                 Tmut/Pois      72%        1d6       2%          1
b - Foxfire               Conj/Fire      36%        2x1d5     8%          1
c - Poisonous Vapours     Pois/Air       24%        N/A       9%          2
d - Ignite Poison         Fire/Tmut/Pois 18%        N/A       8%          3
e - Olgreb's Toxic Radia  Pois           22%        N/A       16%         4

Your spell library contained the following spells:

 Spells                   Type           Power      Damage    Failure   Level
 Mephitic Cloud           Conj/Pois/Air  8%         N/A       24%         3
 Summon Guardian Golem    Hex/Summ       2%         N/A       50%         3
 Conjure Ball Lightning   Conj/Air       1%         3x3d6     100%        6
 Orb of Destruction       Conj           1%         N/A       100%        7
 Spellforged Servitor     Conj/Summ      1%         N/A       100%        7
 Discord                  Hex            1%         N/A       100%        8
 Disjunction              Tloc           1%         N/A       100%        8


Dungeon Overview and Level Annotations

Branches:
Dungeon (6/15)            Ossuary (visited)
 Temple: D:4-7

Altars:
Sif Muna

Annotations:
D:4 1


Innate Abilities, Weirdness & Mutations

You are very small and have problems with some larger weapons.
You are too small for most types of armour.
You have supernaturally acute eyesight. (SInv)
You cover ground extremely quickly. (Speed+++)


Message History

Casting: Foxfire (safe; 8% risk of failure)
Confirm with . or Enter, or press ? or * to list all spells.
You don't have enough magic to cast this spell.
The foxfire hits the orc wizard.
The orc wizard is heavily wounded.
The foxfire hits the orc wizard but does no damage.
The orc wizard is heavily wounded.
The foxfire hits the orc wizard.
The orc wizard is severely wounded.
Casting: Foxfire (safe; 8% risk of failure)
Confirm with . or Enter, or press ? or * to list all spells.
You don't have enough magic to cast this spell.
Casting: Foxfire (safe; 8% risk of failure)
Confirm with . or Enter, or press ? or * to list all spells.
You don't have enough magic to cast this spell.
Your magical contamination has completely faded away.
You hit the orc wizard.
The orc wizard is poisoned.
The orc wizard is severely wounded.
You kill the orc wizard!
Your Transmutations skill increases to level 4!
You hit the orc priest.
The orc priest is poisoned.
The orc priest is moderately wounded.
The orc priest misses you.
You barely miss the orc priest.
The orc priest is moderately wounded.
The orc priest hits you with a +0 hand axe of electrocution.
You closely miss the orc priest.
The orc priest is heavily wounded.
The orc priest hits you with a +0 hand axe of electrocution.
You are electrocuted!!
Ouch! That really hurt!
* * * LOW HITPOINT WARNING * * *
You are too injured to fight recklessly!
You are too injured to fight recklessly!
It was a potion of invisibility.
You fade into invisibility!
The orc priest hits you with a +0 hand axe of electrocution.
* * * LOW HITPOINT WARNING * * *
You are electrocuted!
You die...

≈.###.≈≈## #..........#
≈≈≈≈≈≈≈##. #..........#
##≈≈≈### .. #.#........#
#### #.#..........#
...)......>..# ..
.............# .
.###........# ##.
#..##........... ..#
#....@.####.### #.#
.....?.o......######.#
####...$###.#.#......###
....... # #......Y..
#.....)) #......###
#.###...# .#.#......# #.
....# .......<..# .
.#... ..........#
###.......#


You could see an orc priest (very poisoned).

Vanquished Creatures
  An ice beast (D:6)
  A necrophage (D:3)
  2 ogres
  2 scorpions
  2 orc priests
  Jessica (D:3)
  Natasha (thrice) (D:3)
  2 iguanas (D:4)
  3 orc wizards
  Terence (D:2)
  A mummy (Ossuary)
  4 gnolls (D:2)
  A howler monkey skeleton (D:3)
  10 adders
  A river rat (D:3)
  3 worms
  3 dart slugs
  14 orcs
  3 spectral bats (Ossuary)
  9 endoplasms
  4 giant cockroaches
  12 gnoll zombies (Ossuary)
  11 goblins
  6 hobgoblins
  7 jackals
  8 quokkas
  6 ball pythons
  6 bats
  3 bat simulacra (Ossuary)
  5 frilled lizards
  A goblin simulacrum (Ossuary)
  7 goblin zombies (Ossuary)
  2 hobgoblin zombies (Ossuary)
  5 kobolds
  4 kobold simulacra (Ossuary)
  5 kobold zombies (Ossuary)
  4 orc zombies (Ossuary)
  10 rats
  2 rat simulacra (Ossuary)
  3 spectral goblins (Ossuary)
  A spectral kobold (Ossuary)
  6 spectral rats (Ossuary)
185 creatures vanquished.

Vanquished Creatures (others)
  1113 foxfires
1113 creatures vanquished.

Grand Total: 1298 creatures vanquished

Notes
Turn   | Place    | Note
-------+----------+-------------------------------------------
     0 | D:1      | Descartes the Spriggan Wanderer began the quest for the
                  | Orb.
     0 | D:1      | Descartes set off with the following items: a +0 dagger, a
                  | +0 robe, a scroll of teleportation; and the following
                  | spells available to memorise: Sting, Poisonous Vapours,
                  | Foxfire, Ignite Poison, Mephitic Cloud, Olgreb's Toxic
                  | Radiance
     0 | D:1      | Reached XP level 1. HP: 10/10 MP: 5/5
     2 | D:1      | Learned a level 1 spell: Sting
     4 | D:1      | Learned a level 1 spell: Foxfire
   558 | D:1      | Reached XP level 2. HP: 13/14 MP: 0/6
  1169 | D:1      | Reached skill level 1 in Fire Magic
  1622 | D:1      | Reached XP level 3. HP: 9/18 MP: 6/8
  2431 | D:2      | Found a faded altar of an unknown god.
  3135 | D:2      | Reached XP level 4. HP: 22/22 MP: 2/9
  3682 | D:2      | Noticed Terence
  4189 | D:2      | Killed Terence
  4190 | D:2      | Reached skill level 4 in Poison Magic
  4645 | D:3      | Noticed Natasha
  4649 | D:3      | Killed Natasha
  4650 | D:3      | Reached XP level 5. HP: 25/25 MP: 5/10
  4895 | D:3      | Noticed a necrophage
  5967 | D:3      | Reached XP level 6. HP: 30/30 MP: 7/11
  6193 | D:3      | Noticed Jessica
  6197 | D:3      | Killed Jessica
  6337 | D:3      | Noticed Natasha
  6342 | D:3      | Killed Natasha
  6566 | D:3      | Reached skill level 5 in Dodging
  6792 | D:3      | Reached skill level 5 in Poison Magic
  6911 | D:3      | Noticed Natasha
  6918 | D:3      | Killed Natasha
  7388 | D:4      | Reached XP level 7. HP: 18/33 MP: 5/12
  7545 | D:4      | Learned a level 2 spell: Poisonous Vapours
  7549 | D:4      | Learned a level 3 spell: Ignite Poison
  7554 | D:4      | Learned a level 4 spell: Olgreb's Toxic Radiance
  7822 | D:4      | Found a sand-covered staircase.
  7829 | Ossuary  | Entered an ossuary
 10280 | D:5      | Entered Level 5 of the Dungeon
 10313 | D:4      | Reached skill level 1 in Transmutations
 11956 | D:5      | Reached skill level 6 in Poison Magic
 11956 | D:5      | Reached XP level 8. HP: 37/37 MP: 3/13
 12036 | D:5      | Found a shimmering blue altar of Sif Muna.
 12194 | D:5      | HP: 1/37 [orc priest (5)]
 12194 | D:5      | Mangled by an orc priest

Illustrated notes

Levels and vault maps discovered:
D:1:      psy_arrival_spokes, layout_basic, minmay_misc_feat_secret_circle,
          minmay_domino_4
D:2:      layout_basic, ebering_ecumenical_altar_sacrificial, uniq_terence
D:3:      layout_basic, gup_sewer_entry_bubbles, minmay_box_of_dots,
          uniq_natasha, uniq_jessica
D:4:      layout_loops_cross, nicolae_ossuary_entry_ruins
D:5:      layout_basic, mainiacjoe_overflow_cross_hatched,
          kennysheep_orc_sif_temple
D:6:      layout_loops_ring, gammafunk_temple_overflow_statue,
          minmay_temple_entry_fiery, uniq_maggie, uniq_crazy_yiuf_cottage,
          uniq_sigmund, uniq_blork_the_orc

Skill      XL: |  1  2  3  4  5  6  7  8 |
---------------+-------------------------+-----
Dodging        | 2 3 4 5 |  5.2
Fire Magic     | 1 2 3 4 |  4.6
Poison Magic   | 4 5 6 |  6.1
Stealth        | 2 |  2.3
Transmutations | 3 4 |  4.0
Fighting       | |  1.0
Throwing       | |  1.0
Spellcasting   | |  2.9
Evocations     | |  1.3

Action                   |  1- 3 |  4- 6 |  7- 9 || total
-------------------------+-------+-------+-------++-------
Melee: Dagger            |   114 |     7 |    22 ||   143
       Whip              |       |       |    12 ||    12
 Cast: Foxfire           |    93 |   251 |   298 ||   642
       Sting             |    13 |    24 |    13 ||    50
  Use: Potion            |       |       |     1 ||     1
 Stab: Sleeping          |     2 |       |       ||     2
Armor: Robe              |    11 |     1 |    16 ||    28
Dodge: Dodged            |   138 |    51 |   144 ||   333
